 Dungeon Crawl Stone Soup version 0.20.1-1-g8b1a95d66d (webtiles) character file.

506 Ivernyr the Ogre Mage (level 7, -11/70 HPs)
             Began as an Ogre Wizard on Dec 6, 2017.
             Mangled by an ogre
             ... wielding a +0 giant spiked club
              (21 damage)
             ... on level 5 of the Dungeon.
             The game lasted 00:16:09 (5273 turns).

Ivernyr the Ogre Mage (Ogre Wizard)                 Turns: 5273, Time: 00:16:10

Health: -11/70     AC:  3    Str: 12    XL:     7   Next: 18%
Magic:  8/24       EV: 10    Int: 21    God:
Gold:   124        SH:  0    Dex:  7    Spells: 8/17 levels left

rFire    . . .     SeeInvis .   (no weapon)
rCold    . . .     Gourm    .   (no shield)
rNeg     . . .     Faith    .   a - +0 robe
rPois    .         Spirit   .   b - +0 hat
rElec    .         Reflect  .   (no cloak)
rCorr    .         Harm     .   (gloves unavailable)
MR       .....                  (boots unavailable)
Stlth    ..........             q - amulet of magic regeneration
Regen    0.3/turn               g - ring of loudness (curse)
MPRegen  0.3/turn               n - ring of magical power

@: lethally poisoned (-11 -> -11)
A: unfitting armour, tough skin 1
a: no special abilities


You were on level 5 of the Dungeon.
You were very hungry.

You visited 1 branch of the dungeon, and saw 5 of its levels.

You collected 124 gold pieces.

Inventory:

Armour
 a - a +0 robe (worn)
 b - a +0 hat (worn)
Jewellery
 g - a cursed ring of loudness (left hand)
 n - a ring of magical power (right hand)
 o - an uncursed ring of positive energy
 q - an amulet of magic regeneration (around neck)
Wands
 v - a wand of polymorph (11/24)
Scrolls
 e - 3 scrolls of remove curse {unknown}
 f - 2 scrolls of magic mapping {unknown}
 k - 3 scrolls of identify {unknown}
 l - a scroll of immolation {unknown}
 m - 4 scrolls of enchant armour {unknown}
 p - 2 scrolls of fog {unknown}
 r - a scroll of recharging {unknown}
 t - a scroll of blinking {unknown}
 x - a scroll of teleportation {unknown}
 y - a scroll of noise {unknown}
 z - a scroll of fear {unknown}
Potions
 h - a potion of haste {unknown}
 s - 3 potions of curing {unknown}
 u - a potion of flight {unknown}
 w - a potion of cancellation {unknown}
 A - a potion of agility {unknown}
Books
 c - a book of Minor Magic

   Spells                             Type                      Level
   a - Magic Dart                     Conjuration                  1
   b - Blink                          Translocation                2
   c - Call Imp                       Summoning                    2
   d - Slow                           Hexes                        2
   e - Conjure Flame                  Conjuration/Fire             3
   f - Mephitic Cloud                 Conjuration/Poison/Air       3
Comestibles
 d - 3 bread rations
 i - 2 meat rations
 j - 2 royal jellies
 B - 3 fruits


   Skills:
 + Level 4.0 Fighting
 - Level 2.0 Dodging
 - Level 1.4 Stealth
 + Level 5.8 Spellcasting
 * Level 4.4 Conjurations
   Level 0.8 Summonings
 - Level 0.8 Translocations


You had 8 spell levels left.
You knew the following spells:

 Your Spells              Type           Power        Failure   Level  Hunger
a - Magic Dart            Conj           ###.         1%          1    None
b - Blink                 Tloc           N/A          11%         2    None
c - Conjure Flame         Conj/Fire      ###.....     12%         3    ##.....
d - Mephitic Cloud        Conj/Pois/Air  ##......     16%         3    ##.....


Dungeon Overview and Level Annotations

Branches:
Dungeon (5/15)
 Temple: D:4-7

Altars:
Hepliaklqana
Makhleb
Zin

Annotations:
D:3 1 runed door


Innate Abilities, Weirdness & Mutations

You are too large for most types of armour.
You have tough skin. (AC +1)


Message History

The adder bites you.
* * * LOW HITPOINT WARNING * * *
Casting: Blink
Confirm with . or Enter, or press ? or * to list all spells.
You blink.
You feel sick.
Unknown command.
Casting: Blink
Confirm with . or Enter, or press ? or * to list all spells.
You blink.
Casting: Blink
Confirm with . or Enter, or press ? or * to list all spells.
You blink.
Casting: Blink
Confirm with . or Enter, or press ? or * to list all spells.
You blink.
Casting: Blink
Confirm with . or Enter, or press ? or * to list all spells.
You blink.
You feel sick.
The ogre hits you with a giant spiked club!!
You die...

#)..#
#...#
#..## #..#
######..#
##.......#
#.......##
#§..O...#
##.S.@..#
#.§....#
###.#..#
###<.#
#..## #..#
#..# ##..#
######/..#


You could see an ogre and an adder.

Vanquished Creatures
  Sigmund (D:2)
  A crimson imp (D:3)
  An orc priest (D:4)
  2 orc wizards
  Natasha (thrice) (D:3)
  A hound skeleton (D:4)
  A howler monkey skeleton (D:4)
  Robin (D:2)
  5 adders
  An ooze (D:1)
  A worm (D:4)
  3 dart slugs
  4 leopard geckos
  3 orcs
  2 ball pythons
  A bat (D:3)
  3 giant cockroaches (D:2)
  14 goblins
  9 hobgoblins
  6 kobolds
  2 frilled lizards
  5 rats
70 creatures vanquished.

Notes
Turn   | Place    | Note
-------+----------+-------------------------------------------
     0 | D:1      | Ivernyr the Ogre Wizard began the quest for the Orb.
     0 | D:1      | Reached XP level 1. HP: 16/16 MP: 5/5
   160 | D:1      | Reached skill level 4 in Spellcasting
   160 | D:1      | Reached skill level 1 in Conjurations
   160 | D:1      | Reached XP level 2. HP: 10/24 MP: 0/7
   164 | D:1      | Learned a level 2 spell: Blink
  1529 | D:2      | Noticed Robin
  1562 | D:1      | Reached XP level 3. HP: 13/31 MP: 1/8
  2191 | D:1      | Learned a level 3 spell: Conjure Flame
  2195 | D:1      | Learned a level 3 spell: Mephitic Cloud
  2229 | D:2      | Killed Robin
  2382 | D:2      | Reached skill level 1 in Fighting
  2524 | D:2      | Reached XP level 4. HP: 41/41 MP: 10/10
  2690 | D:2      | Found a hazy altar of Hepliaklqana.
  2866 | D:2      | Noticed Sigmund
  3309 | D:2      | Killed Sigmund
  3309 | D:2      | Reached skill level 5 in Spellcasting
  3309 | D:2      | Reached XP level 5. HP: 52/52 MP: 1/12
  3310 | D:2      | Reached XP level 6. HP: 59/59 MP: 0/13
  3778 | D:3      | Found a glowing silver altar of Zin.
  3779 | D:3      | Noticed an angel
  3779 | D:3      | Noticed Natasha
  3784 | D:3      | Killed Natasha
  3798 | D:3      | Found a runed door.
  4039 | D:3      | Found a burning altar of Makhleb.
  4096 | D:3      | Noticed Natasha
  4101 | D:3      | Killed Natasha
  4181 | D:3      | Noticed Natasha
  4185 | D:3      | Killed Natasha
  4536 | D:4      | Reached XP level 7. HP: 56/68 MP: 12/15
  5238 | D:5      | Entered Level 5 of the Dungeon
  5273 | D:5      | Mangled by an ogre

Skill      XL: |  1  2  3  4  5  6  7 |
---------------+----------------------+-----
Spellcasting   | 4 5 |  5.8
Conjurations   | 1 3 4 |  4.4
Dodging        | 2 |  2.0
Fighting       | 1 2 3 4 |  4.0
Stealth        | |  1.4
Summonings     | |  0.8
Translocations | |  0.8

Action                   |  1- 3 |  4- 6 |  7- 9 || total
-------------------------+-------+-------+-------++-------
Melee: Unarmed           |    51 |       |     1 ||    52
 Cast: Magic Dart        |    84 |   113 |    32 ||   229
       Blink             |     1 |       |    11 ||    12
       Mephitic Cloud    |       |     2 |       ||     2
  Eat: Chunk             |     5 |     5 |     2 ||    12
Armor: Robe              |    17 |     5 |     7 ||    29
Dodge: Dodged            |    52 |    13 |     8 ||    73
